 Dungeon Crawl Stone Soup version 0.27.1-33-g824d729ab1 (webtiles) character file.

Game seed: 14831397155573801097

30 pkoi the Insei (level 3, 0/31 HPs)
             Began as a Draconian Monk on Dec 8, 2021.
             Slain by Terence (4 damage)
             ... on level 2 of the Dungeon.
             The game lasted 00:01:19 (855 turns).

pkoi the Insei (Draconian Monk)                      Turns: 855, Time: 00:01:19

Health: 0/31       AC:  5    Str: 13    XL:     3   Next: 3%
Magic:  3/3        EV: 12    Int: 11    God:
Gold:   23         SH:  0    Dex: 13    Spells: 1/2 levels left

rFire    . . .     SeeInvis .   b - +2 dagger (elec)
rCold    . . .     Faith    .   (no shield)
rNeg     . . .     Spirit   .   (armour unavailable)
rPois    .         Reflect  .   (helmet restricted)
rElec    .         Harm     .   (no cloak)
rCorr    .         Rampage  .   (no gloves)
Will     .....                  (no boots)
Stlth    ++........             (no amulet)
HPRegen  0.10/turn              (no ring)
MPRegen  0.08/turn              (no ring)

@: no status effects
A: AC +5, unfitting armour, cold-blooded
a: no special abilities


You were on level 2 of the Dungeon.
You visited 1 branch of the dungeon, and saw 2 of its levels.

You collected 23 gold pieces.

Inventory:

Hand Weapons
 b - a +2 dagger of electrocution (weapon)
Missiles
 c - 5 datura-tipped darts (quivered)
Scrolls
 a - a scroll of identify {unknown}
 d - a scroll of noise {unknown}
 e - a scroll of enchant weapon {unknown}
Potions
 f - a potion of degeneration {unknown}


   Skills:
 - Level 3.2 Fighting
 - Level 2.6 Dodging
 - Level 1.7 Stealth
 * Level 4.1 Unarmed Combat
 + Level 0.2 Spellcasting
 + Level 0.2 Transmutations


You had one spell level left.
You knew the following spells:

 Your Spells              Type           Power      Damage    Failure   Level
a - Beastly Appendage     Tmut           0%         N/A       32%         1

Your spell library contained the following spells:

 Spells                   Type           Power      Damage    Failure   Level
 Wereblood                Tmut           0%         N/A       43%         2
 Spider Form              Tmut/Pois      0%         N/A       69%         3


Dungeon Overview and Level Annotations

Branches:
Dungeon (2/15)

Altars:

Annotations:
D:2 Terence


Innate Abilities, Weirdness & Mutations

Your plain brown scales are hard. (AC +5)
You cannot fit into any form of body armour.
You are cold-blooded and may be slowed by cold attacks.


Message History

Found a spear and 13 gold pieces.
Terence the Incautious comes into view.
He is wielding a +0 mace.
Terence is nearby!
Terence shouts!
Terence drinks a potion.
Terence flickers and vanishes!
Deactivating autopickup; reactivate with Ctrl-A.
No target in view!
No target in view!
No target in view!
No target in view!
No target in view!
No target in view!
No target in view!
No target in view!
No target in view!
No target in view!
No target in view!
No target in view!
No target in view!
No target in view!
You see here a +0 spear.
You hit something but do no damage. Something hits you!
You hit something but do no damage. Lightning courses through something!
Something hits you.
You hit something.
An endoplasm comes into view.
Something hits you.
The endoplasm quivers.
You hit something but do no damage. Something hits you!
* * * LOW HITPOINT WARNING * * *
You hit something. Something hits you.
* * * LOW HITPOINT WARNING * * *
The endoplasm freezes you.
You are frozen.
* * * LOW HITPOINT WARNING * * *
You hit something but do no damage. Something hits you.
* * * LOW HITPOINT WARNING * * *
The endoplasm closely misses you.
You closely miss something. Something hits you.
You die...

.....##.###.......##
...................#
#########.###........#
#.................##..
.##..................
#........#####.##.#
#..).....# #.#...
#$.......# #.#..#
#.@.....## ##.#..#
.......{J#..............
..#####.##.###.##...#..#
... .. #.##...#..# #.#
.#. .##...#..# #.# ..
.....#..# .# ..
#.#.......#.##...#..#
#..#
##.##.......#[#.###[.#..#
##..# ......#
#......(....#...


You could see an endoplasm.

Vanquished Creatures
  A worm (D:2)
  A dart slug (D:1)
  2 ball pythons (D:1)
  4 endoplasms (D:1)
  3 goblins (D:1)
  A hobgoblin (D:1)
  4 kobolds (D:1)
  A quokka (D:1)
  3 bats
  2 rats (D:1)
22 creatures vanquished.

Notes
Turn   | Place    | Note
-------+----------+-------------------------------------------
     0 | D:1      | pkoi the Draconian Monk began the quest for the Orb.
     0 | D:1      | Reached XP level 1. HP: 19/19 MP: 1/1
   286 | D:1      | Reached XP level 2. HP: 26/26 MP: 2/2
   572 | D:1      | Reached skill level 4 in Unarmed Combat
   584 | D:1      | Learned a level 1 spell: Beastly Appendage
   666 | D:1      | Found a faded altar of an unknown god.
   770 | D:2      | Reached XP level 3. HP: 31/31 MP: 3/3
   844 | D:2      | Noticed Terence
   855 | D:2      | Slain by Terence

Illustrated notes

Levels and vault maps discovered:
D:1:      mrwooster_arrival_statue_3, layout_rooms, basic_ecumenical_altar
D:2:      layout_basic, corexii_hall_statues_x, uniq_terence, uniq_robin

Skill      XL: |  1  2 |
---------------+-------+-----
Unarmed Combat | 4 |  4.1
Fighting       | |  3.2
Dodging        | |  2.6
Stealth        | |  1.7
Spellcasting   | |  0.2
Transmutations | |  0.2

Action                   || total
-------------------------++-------
Melee: Unarmed           ||    26
       Tailslap          ||     5
       Dagger            ||    26
       Punch             ||     1
 Stab: Sleeping          ||     3
Armor: Skin              ||    16
Dodge: Dodged            ||    23
